Map: Dreamcatcher LE

Players

ILIEKEGGPIE

  • Race: Zerg Zerg
  • League: Platinum
  • Spawn Location: 5:00

Ramside - Winner!

  • Race: Terran Terran
  • League: Gold
  • Spawn Location: 11:00

VOD

Have the link to the VOD?

Description

Time

  • Played on: June 7, 2018, 11:10 a.m.
  • Length: 8:02
Show
View Real Time Build Order
Export as new Build Order

ILIEKEGGPIE Zerg 

Build Orders: 3 Hatch before Pool 

Get SALT Encoding   

  12  0:02  Drone  
  13  0:10  Drone  
  14  0:18  Overlord  
  14  0:36  Drone  
  14  0:37  Drone x2  
  17  0:53  Hatchery  
  17  0:58  Hatchery  
  17  1:01  Drone  
  17  1:08  Extractor  
  16  1:16  Drone  
  17  1:21  Spawning Pool  
  17  1:24  Drone  
  17  1:27  Drone  
  18  1:33  Drone  
  19  1:43  Overlord  
  19  2:10  Queen x2  
  19  2:13  Zergling x4  
  19  2:14  Drone  
  19  2:15  Drone  
  27  2:42  Drone  
  27  2:43  Drone x3  
  31  2:46  Pneumatized Carapace  
  31  2:51  Drone x2  
  33  2:59  Queen  
  33  3:04  Overlord  
  35  3:15  Drone, Roach Warren  
  35  3:29  Drone  
  35  3:31  Extractor  
  35  3:34  Extractor  
  35  3:35  Drone  
  35  3:36  Drone x2  
  35  3:37  Drone x3  
  35  3:38  Drone x3  
  43  4:03  Drone  
  44  4:10  Baneling Nest, Metabolic Boost  
  44  4:12  Overlord  
  44  4:13  Overlord  
  45  4:36  Lair  
  43  4:39  Queen  
  45  4:57  Zergling x6  
  45  4:58  Zergling x14  
  55  5:13  Drone x2  
  57  5:43  Drone x3  
  60  5:55  Hatchery  
  58  5:58  Roach  
  58  6:00  Roach x3  
  54  6:13  Overlord  
  54  6:14  Roach  
  54  6:15  Roach  
  57  6:23  Baneling  
  57  6:24  Baneling x2  
  57  6:39  Overlord x2  
  57  7:12  Drone  
  51  7:40  Drone x2  
Show
View Real Time Build Order
Export as new Build Order

Ramside Terran - Winner!

Build Orders:  

Get SALT Encoding   

  12  0:01  SCV  
  13  0:13  SCV  
  14  0:18  Supply Depot  
  14  0:25  SCV  
  15  0:30  Refinery  
  15  0:39  SCV  
  16  0:52  Barracks  
  16  0:53  SCV  
  17  1:05  Refinery, SCV  
  18  1:17  SCV  
  19  1:29  Barracks  
  19  1:30  SCV  
  20  1:42  Factory  
  20  1:43  SCV  
  21  1:52  Barracks Reactor  
  21  1:59  SCV  
  21  2:00  Supply Depot  
  22  2:11  SCV  
  23  2:16  Barracks Tech Lab  
  23  2:25  Factory Reactor  
  23  2:33  Marine x2  
  23  2:35  Starport  
  25  2:40  Supply Depot  
  25  2:45  Stimpack  
  25  2:56  Orbital Command  
  25  3:08  Marine x3  
  28  3:22  Factory Tech Lab  
  28  3:26  Medivac x2  
  32  3:33  Supply Depot  
  32  3:34  Marine  
  32  3:37  Marine  
  32  3:40  Marine  
  35  3:48  Siege Tank  
  38  3:54  Marine  
  38  3:55  Marine  
  39  3:58  Marine  
  41  4:10  Medivac  
  41  4:16  Marine x2  
  46  4:21  Supply Depot  
  45  4:43  Siege Tank  
  48  4:49  Supply Depot  
  48  4:50  Medivac  
  48  4:51  Marine x3  
  53  5:09  Marine x2  
  53  5:10  Marine  
  53  5:12  Supply Depot  
  56  5:26  Marine  
  56  5:27  Marine  
  56  5:28  Marine  
  58  5:30  Siege Tank  
  58  5:33  Medivac  
  64  5:39  Supply Depot  
  64  5:44  Marine x2  
  64  5:46  Marine  
  61  6:17  Marine x3  
  64  6:21  Siege Tank  
  64  6:22  Medivac  
  68  6:35  Marine x3  
  71  6:52  Marine  
  64  7:23  Marine  
  64  7:24  Marine x2  
  60  7:41  Marine x2  
  60  7:42  Marine  
Tags
 
Matchup
TvZ
Replay Pack
Multi
Spawn Locations
Cross Positions
Add a new tag
Caveats
  • Supply blocks, unpowered buildings, or Contaminate may cause inaccurate times.
  • Supply counts are checked every 10 seconds.